 Dungeon Crawl Stone Soup version 0.18.0-2-g198d6d4 (webtiles) character file.

3919 Heskey the Fighter (level 10, -1/82 HPs)
             Began as a Demonspawn Fighter on May 5, 2016.
             Was a High Priest of Makhleb.
             Slain by a shadow (20 damage)
             ... on level 7 of the Dungeon.
             The game lasted 00:18:13 (7681 turns).

Heskey the Fighter (Demonspawn Fighter)             Turns: 7681, Time: 00:18:13

Health: -1/82      AC: 14    Str: 19    XL:     10   Next: 1%
Magic:  0/10       EV:  7    Int: 14    God:    Makhleb [*****.]
Gold:   461        SH:  9    Dex: 10    Spells: 0 memorised, 9 levels left

rFire  + . .     SeeInvis .     a - +1 war axe
rCold  + . .     Gourm    .     b - +0 scale mail
rNeg   . . .     Faith    .     c - +1 shield
rPois  +         Spirit   +     (helmet restricted)
rElec  .         Dismiss  .     d - +2 cloak
rCorr  .         Reflect  .     v - +0 pair of gloves (curse)
SustAt +         Harm     .     w - +0 pair of boots
MR     .....                    (no amulet)
Stlth  ..........               (no ring)
                                u - ring "Tivo" {SustAt rPois rF+ rC+ Int+4 Dex-3}

@: drained, not resistant to hostile enchantments, extremely unstealthy
A: claws 1, horns 2, talons 1, powered by death 2, magic shield
a: Minor Destruction, Lesser Servant of Makhleb, Major Destruction, Greater
Servant of Makhleb, Renounce Religion


You were on level 7 of the Dungeon.
You worshipped Makhleb.
Makhleb was extremely pleased with you.
You were hungry.

You visited 1 branch of the dungeon, and saw 7 of its levels.
You also visited: Ossuary.

You collected 511 gold pieces.
You spent 50 gold pieces at shops.

Inventory:

Hand Weapons
 a - a +1 war axe (weapon)
Armour
 b - a +0 scale mail (worn)
 c - a +1 shield (worn)
 d - a +2 cloak (worn)
 v - a cursed +0 pair of gloves (worn)
 w - a +0 pair of boots (worn)
Jewellery
 u - the ring "Tivo" (left hand) {SustAt rPois rF+ rC+ Int+4 Dex-3}
   (You found it on level 5 of the Dungeon)

   [ring of sustain attributes]

   It sustains your strength, intelligence and dexterity.
   It affects your intelligence (+4).
   It affects your dexterity (-3).
   It protects you from fire.
   It protects you from cold.
   It protects you from poison.
Scrolls
 e - a scroll of enchant weapon
 g - 15 scrolls of identify
 h - 2 scrolls of amnesia
 n - 6 scrolls of remove curse
 q - a scroll of teleportation
 t - 4 scrolls of enchant armour
 y - a scroll of random uselessness {unknown}
Potions
 i - 3 potions of heal wounds
 j - a potion of mutation {unknown}
 k - a potion of agility
 l - a potion of flight
 o - 5 potions of curing
Books
 s - a book of Frost

   Spells                             Type                      Level
   a - Freeze                         Ice                          1
   b - Throw Frost                    Conjuration/Ice              2
   c - Ozocubu's Armour               Charms/Ice                   3
   d - Throw Icicle                   Conjuration/Ice              4
   e - Summon Ice Beast               Ice/Summoning                4
Comestibles
 f - 7 bread rations
 m - 4 fruits
 p - a royal jelly
 r - 2 meat rations
 x - 2 beef jerkies
 z - 7 slices of pizza


   Skills:
 + Level 8.9(8.2) Fighting
 + Level 7.8(7.2) Axes
 + Level 8.2(7.6) Armour
 - Level 2.6(2.1) Shields


You had 9 spell levels left.
You didn't know any spells.

Dungeon Overview and Level Annotations

Branches:
Dungeon (7/15)             Temple (0/1) D:6

Altars:
Dithmenos
Elyvilon
Gozag
Makhleb
Nemelex Xobeh
Xom
Yredelemnul
Zin

Shops:
D:4 :!   D:5 [


Innate Abilities, Weirdness & Mutations

You have sharp fingernails.
You have a pair of horns on your head.
You have sharp toenails.
You regenerate health from kills.
When hurt, damage is shared between your health and your magic reserves.


Message History

Deactivating autopickup; reactivate with Ctrl-A.
You barely miss something.
The shadow strikes at you from the darkness!
Reactivating autopickup.
You hit the shadow. Your headbutt misses the shadow.
The shadow is moderately damaged.
The shadow slips into darkness.
The shadow flickers and vanishes!
Deactivating autopickup; reactivate with Ctrl-A.
You slash something!
The shadow strikes at you from the darkness!
* * * LOW HITPOINT WARNING * * *
Reactivating autopickup.
You barely miss the shadow.
The shadow is severely damaged.
The shadow slips into darkness.
The shadow flickers and vanishes!
Deactivating autopickup; reactivate with Ctrl-A.
The shadow strikes at you from the darkness!
You die...

.####.#......###.## #.#
#.# ........####.# #.#
#.# #.# ## #####.### #.#
#.# ###.# #.# #. # #.#
#.# #.# ##.#.###.###. ###
#.# #.# #.#
##.#.......... ..#
#.######.# #.#
#.###.....#†#.
.[###........# #.#
##.#.######.#.
.............###.####..)#
###.#.
..#########.....@.......#
#..... ..#
#..###.####...# #.....
### #..# #.# #####
##..... #..# #.# #..)...
#..# #.# #...... ##
########..# #.# #......
.. ..........# #..
##..... .# #########.#
### #...... .# #.#
.##......


There were no monsters in sight!

Vanquished Creatures
  The ghost of MTVSty1e the Skirmisher, an amateur MiFi (Ossuary)
  Sigmund (D:2)
  2 yaks (D:7)
  A human (D:7)
  A hippogriff (D:7)
  An ice beast (D:5)
  A phantom (D:7)
  An ogre (D:7)
  3 centaurs (D:5)
  A giant frog (D:6)
  2 gnoll sergeants
  A water moccasin skeleton (D:5)
  A scorpion (D:4)
  6 wights
  2 howler monkeys
  4 crimson imps
  A giant frog zombie (D:6)
  2 gnoll shamans (D:4)
  A jelly (D:5)
  2 orc priests (D:5)
  A giant frog skeleton (D:6)
  4 hounds
  3 iguanas
  4 orc wizards (D:5)
  7 worker ants
  A killer bee zombie (D:5)
  2 sheep (D:7)
  A hound zombie (D:6)
  A hound skeleton (D:6)
  3 mummies (Ossuary)
  57 gnolls
  12 adders
  2 oozes
  4 adder zombies
  2 adder skeletons
  4 worms
  7 giant geckos
  8 orcs
  3 giant cockroaches
  30 hobgoblins
  24 jackals
  5 quokkas
  3 ball pythons
  8 bats
  5 giant newts
  41 goblins
  4 goblin zombies (Ossuary)
  3 hobgoblin zombies (Ossuary)
  15 kobolds
  3 kobold zombies (Ossuary)
  4 quokka zombies (Ossuary)
  9 rats
  2 rat zombies (Ossuary)
317 creatures vanquished.

Notes
Turn   | Place    | Note
--------------------------------------------------------------
     0 | D:1      | Heskey the Demonspawn Fighter began the quest for the Orb.
     0 | D:1      | Reached XP level 1. HP: 18/18 MP: 1/1
    95 | D:1      | Gained mutation: When hurt, damage is shared between your health and your magic reserves. [demonic ancestry]
    95 | D:1      | Reached XP level 2. HP: 21/24 MP: 2/2
   832 | D:2      | Reached XP level 3. HP: 24/29 MP: 1/3
  1010 | D:2      | Found an opulent altar of Gozag.
  1267 | D:2      | Gained mutation: You have a pair of small horns on your head. [demonic ancestry]
  1267 | D:2      | Reached XP level 4. HP: 18/37 MP: 2/4
  1937 | D:3      | Gained mutation: You have a pair of horns on your head. [demonic ancestry]
  1937 | D:3      | Reached XP level 5. HP: 36/42 MP: 5/5
  2655 | D:3      | Noticed Sigmund
  3176 | D:2      | Killed Sigmund
  3176 | D:2      | Gained mutation: You regenerate a little health from kills. [demonic ancestry]
  3176 | D:2      | Reached XP level 6. HP: 28/50 MP: 6/6
  3349 | D:3      | Reached skill level 5 in Fighting
  3533 | D:3      | Found a burning altar of Makhleb.
  3538 | D:3      | Became a worshipper of Makhleb the Destroyer
  3542 | D:3      | Found a shimmering altar of Xom.
  3551 | D:3      | Found a sparkling altar of Nemelex Xobeh.
  4033 | D:4      | Reached XP level 7. HP: 45/56 MP: 4/7
  4066 | D:4      | Reached skill level 5 in Armour
  4073 | D:4      | Found a sand-covered staircase.
  4089 | Ossuary  | Entered an ossuary
  4122 | Ossuary  | Reached * piety under Makhleb
  4178 | Ossuary  | Noticed MTVSty1e's ghost (amateur MiFi)
  4198 | Ossuary  | Killed MTVSty1e's ghost
  4387 | D:4      | Found Apycs's Distillery.
  4422 | D:4      | Bought a potion of heal wounds for 50 gold pieces
  4499 | D:4      | Reached ** piety under Makhleb
  4717 | D:3      | Gained mutation: You regenerate health from kills. [demonic ancestry]
  4717 | D:3      | Reached XP level 8. HP: 64/64 MP: 8/8
  4748 | D:3      | Reached skill level 5 in Axes
  5058 | D:4      | Found Jaerat's Book Boutique.
  5118 | D:4      | Reached *** piety under Makhleb
  5413 | D:5      | Entered Level 5 of the Dungeon
  5459 | D:5      | Reached **** piety under Makhleb
  5575 | D:5      | Gained mutation: You have sharp toenails. [demonic ancestry]
  5575 | D:5      | Reached XP level 9. HP: 72/72 MP: 9/9
  5741 | D:5      | Got a warped brass ring
  5742 | D:5      | Identified the ring "Tivo" {SustAt rPois rF+ rC+ Int+4 Dex-3} (You found it on level 5 of the Dungeon)
  5931 | D:5      | Found Orghel's Armour Boutique.
  6470 | D:6      | Found a staircase to the Ecumenical Temple.
  6517 | D:6      | Found a glowing silver altar of Zin.
  6528 | D:6      | Found an opulent altar of Gozag.
  6530 | D:6      | Found a white marble altar of Elyvilon.
  6531 | D:6      | Found a basalt altar of Yredelemnul.
  7031 | D:7      | Found a shadowy altar of Dithmenos.
  7068 | D:7      | Reached ***** piety under Makhleb
  7608 | D:7      | Gained mutation: You have sharp fingernails. [demonic ancestry]
  7608 | D:7      | Reached XP level 10. HP: 81/82 MP: 7/10
  7681 | D:7      | Slain by a shadow

Skill      XL: |  1  2  3  4  5  6  7  8  9 |
---------------+----------------------------+-----
Armour         | 3 4 5 6 8 |  8.2
Axes           | 2 3 4 6 7 |  7.8
Fighting       | 4 5 6 7 8 |  8.9
Shields        | |  2.6

Action                   |  1- 3 |  4- 6 |  7- 9 | 10-12 || total
-------------------------+-------+-------+-------+-------++-------
Melee: War axe           |   169 |   242 |   536 |    17 ||   964
       Headbutt          |       |    42 |   106 |       ||   148
       Kick              |       |       |    55 |       ||    55
  Use: Potion            |     1 |     3 |     4 |       ||     8
       Scroll            |       |     6 |     5 |       ||    11
  Eat: Chunk             |     1 |     4 |     9 |       ||    14
       Bread ration      |       |     1 |     1 |       ||     2
       Beef jerky        |       |       |     1 |       ||     1
Armor: Scale mail        |    97 |   161 |   283 |     3 ||   544
       Skin              |       |       |     3 |       ||     3
Dodge: Dodged            |    55 |    92 |   178 |     1 ||   326
Block: Shield            |    92 |   180 |   319 |     7 ||   598
